 Dungeon Crawl Stone Soup version 0.18-a0-1577-gf591c28 (webtiles) character file.

109 dvd the Vandal (level 5, 0/34 HPs)
             Began as a Halfling Hunter on Mar 20, 2016.
             Slain by an orc
             ... wielding a +0 flail
              (3 damage)
             ... on level 3 of the Dungeon.
             The game lasted 00:06:56 (2096 turns).

dvd the Vandal (Halfling Hunter)                    Turns: 2096, Time: 00:06:56

Health: 0/34       AC:  6    Str: 12    XL:     5   Next: 13%
Magic:  5/5        EV: 10    Int: 10    God:
Gold:   78         SH:  7    Dex: 16    Spells: 0 memorised, 4 levels left

rFire  . . .     SeeInvis .     b - +0 short sword
rCold  . . .     Gourm    .     j - +0 ring mail
rNeg   . . .     Faith    .     g - +0 shield
rPois  .         Spirit   .     m - +0 helmet
rElec  .         Dismiss  .     (no cloak)
rCorr  .         Reflect  .     (no gloves)
SustAt .         Harm     .     (no boots)
MR     .....                    (no amulet)
Stlth  +.........               (no ring)
                                (no ring)

@: not resistant to hostile enchantments, very unstealthy
A: mutation resistance 1
a: no special abilities


You were on level 3 of the Dungeon.
You were not hungry.

You visited 1 branch of the dungeon, and saw 3 of its levels.

You collected 78 gold pieces.

Inventory:

Hand Weapons
 a - a +1 hunting sling
 b - a +0 short sword (weapon)
Missiles
 e - 116 stones (quivered)
Armour
 c - a +0 leather armour
 g - a +0 shield (worn)
 j - a +0 ring mail (worn)
 m - a +0 helmet (worn)
Scrolls
 i - a scroll of recharging {unknown}
 l - 2 scrolls of identify {unknown}
 n - 2 scrolls of immolation {unknown}
 q - 2 scrolls of remove curse {unknown}
 t - a scroll of enchant armour {unknown}
Potions
 k - 3 potions of flight {unknown}
 p - a potion of haste {unknown}
 r - 2 potions of heal wounds {unknown}
 s - a potion of cure mutation {unknown}
Comestibles
 f - 2 bread rations
 h - 2 meat rations


   Skills:
 + Level 2.0 Fighting
 + Level 0.6 Short Blades
 + Level 7.9 Slings
 + Level 1.5 Armour
 + Level 2.6 Dodging
 + Level 1.1 Stealth


You had 4 spell levels left.
You didn't know any spells.

Dungeon Overview and Level Annotations

Branches:
Dungeon (3/15)

Altars:
Pakellas


Innate Abilities, Weirdness & Mutations

You are small and have problems with some larger weapons.
You are somewhat resistant to further mutation.


Message History

The orc barely misses you. The orc hits you.
* * * LOW HITPOINT WARNING * * *
You hit the orc.
The orc is severely wounded.
The orc closely misses you.
You hit the orc but do no damage.
The orc is severely wounded.
The orc completely misses you.
An orc priest comes into view. It is wielding a club.
You completely miss the orc.
The orc is severely wounded.
The orc priest shouts!
The orc hits you with a flail.
* * * LOW HITPOINT WARNING * * *
The orc hits you.
* * * LOW HITPOINT WARNING * * *
You hit the orc but do no damage.
The orc is severely wounded.
The orc hits you with a flail.
You die...

# #.#############
..............
.###.##.....##.###
.#.............o.#
......#.###....#@#
.#......###....#o#
...............#(#
........####...#.(()..o.
........#.......(.......
#....#.##.####((.....
####.....†.#... .(.....
.....#####.##### #(..#..
###### #...# .... .


You could see 2 orcs.

Vanquished Creatures
  An orc wizard (D:3)
  An adder (D:2)
  An ooze (D:2)
  A worm (D:1)
  A dart slug (D:1)
  A giant gecko (D:1)
  4 orcs
  3 giant cockroaches
  8 goblins
  8 hobgoblins
  2 jackals (D:2)
  A quokka (D:2)
  6 bats
  5 giant newts
  8 kobolds
  5 rats
56 creatures vanquished.

Notes
Turn   | Place    | Note
--------------------------------------------------------------
     0 | D:1      | dvd the Halfling Hunter began the quest for the Orb.
     0 | D:1      | Reached XP level 1. HP: 14/14 MP: 1/1
    26 | D:1      | Reached skill level 6 in Slings
    45 | D:1      | Reached XP level 2. HP: 19/19 MP: 2/2
   410 | D:1      | Reached XP level 3. HP: 24/24 MP: 3/3
   782 | D:1      | Reached skill level 7 in Slings
   973 | D:2      | Found an oddly glowing altar of Pakellas.
  1491 | D:2      | Reached XP level 4. HP: 26/29 MP: 4/4
  1643 | D:2      | Reached skill level 1 in Armour
  2072 | D:3      | Reached XP level 5. HP: 11/34 MP: 5/5
  2096 | D:3      | Slain by an orc

Vault maps used:
D:1:      dpeg_arrival_ternary, amethyst_killhole
D:2:      grunt_pakellas_salt
D:3:      first_bread, grunt_ministairs_1, guppyfry_early_orc_mine

Skill      XL: |  1  2  3  4 |
---------------+-------------+-----
Slings         | 6 7 |  7.9
Fighting       | 2 |  2.0
Armour         | 1 |  1.5
Short Blades   | |  0.6
Dodging        | |  2.6
Stealth        | |  1.1

Action                   |  1- 3 |  4- 6 || total
-------------------------+-------+-------++-------
Melee: Short sword       |    28 |    52 ||    80
 Fire: Hunting sling     |    95 |    39 ||   134
  Eat: Chunk             |     1 |     3 ||     4
